 Seeded DCSS version 0.29-a0-375-g5102b3be25 (webtiles) character file.

Game seed: 13605594255664981076 (custom seed)

865 thiscave3701365 the Cleaver (level 7, -2/62 HPs)
             Began as a Minotaur Berserker on May 3, 2022.
             Was a Believer of Trog.
             Slain by a gnoll
             ... wielding a +0 halberd
             ... led by a gnoll shaman
              (10 damage)
             ... on level 5 of the Dungeon.
             The game lasted 00:04:18 (5588 turns).

thiscave3701365 the Cleaver (Minotaur Berserker)    Turns: 5588, Time: 00:04:19

Health: -2/62      AC:  7    Str: 23    XL:     7   Next: 72%
Magic:  6/6        EV: 11    Int:  4    God:    Trog [**....]
Gold:   188        SH:  0    Dex: 10    Spells: 6/6 levels left

rFire   . . .      SeeInvis .   a - +0 hand axe
rCold   . . .      Faith    .   (no shield)
rNeg    . . .      Spirit   .   i - +0 scale mail
rPois   .          Reflect  .   (helmet restricted)
rElec   .          Harm     .   (no cloak)
rCorr   .          Rampage  .   (no gloves)
Will    .....                   (no boots)
Stlth   ..........              (no amulet)
HPRegen 0.20/turn               (no ring)
MPRegen 0.10/turn               (no ring)

@: on berserk cooldown, slowed, very slow
A: horns 2, retaliatory headbutt
a: Renounce Religion, Berserk, Trog's Hand


You were on level 5 of the Dungeon.
You worshipped Trog.
Trog was pleased with you.
You visited 1 branch of the dungeon, and saw 5 of its levels.

You collected 188 gold pieces.

Inventory:

Hand Weapons
 a - a +0 hand axe (weapon)
Missiles
 r - a throwing net
Armour
 b - a +0 animal skin
 i - a +0 scale mail (worn)
Jewellery
 p - a ring of protection from cold
Wands
 q - a wand of charming (10)
 s - a wand of digging (3)
Scrolls
 d - a scroll of immolation {unknown}
 e - 5 scrolls of identify {unknown}
 g - a scroll of blinking {unknown}
 h - a scroll of fog {unknown}
 j - 2 scrolls of vulnerability {unknown}
 l - 2 scrolls of poison {unknown}
 n - a scroll of torment {unknown}
 o - a scroll of teleportation {unknown}
Potions
 c - a potion of brilliance {unknown}
 f - 2 potions of haste {unknown}
 k - a potion of magic {unknown}
 m - a potion of might {unknown}
 t - a potion of heal wounds {unknown}
 u - a potion of mutation {unknown}


   Skills:
 + Level 5.8 Fighting
 + Level 8.2 Axes
 + Level 5.5 Armour
 + Level 3.3 Dodging
 + Level 0.8 Stealth


You had 6 spell levels left.
You didn't know any spells.
Your spell library was empty.

Dungeon Overview and Level Annotations

Branches:
Dungeon (5/15)             Temple (0/1) D:4

Altars:
Cheibriados
Gozag
Makhleb
Nemelex Xobeh
Okawaru
Uskayaw


Innate Abilities, Weirdness & Mutations

You have a pair of horns on your head.
You reflexively headbutt those who attack you in melee.


Message History

You closely miss the gnoll shaman. The gnoll closely misses you.
The gnoll shaman calls upon its god to speed up the gnoll.
The gnoll seems to speed up.
The gnoll shaman hits you with a +0 whip.
The gnoll barely misses you.
You closely miss the gnoll shaman.
The gnoll hits you from afar with a +0 halberd!
The gnoll shaman hits you with a +0 whip.
The gnoll closely misses you.
Unknown command.
You are too injured to fight recklessly!
Unknown command.
You are too injured to fight recklessly!
You hit the gnoll shaman.
The gnoll shaman is lightly wounded.
The gnoll closely misses you.
The gnoll shaman hits you with a +0 whip!
* * * LOW HITPOINT WARNING * * *
You barely miss the gnoll shaman.
You headbutt the gnoll shaman, but do no damage.
The gnoll shaman is lightly wounded.
The gnoll barely misses you. The gnoll closely misses you.
The gnoll shaman barely misses you.
You hit the gnoll shaman but do no damage.
The gnoll shaman is lightly wounded.
The gnoll barely misses you. The gnoll shaman barely misses you.
You furiously retaliate!
You headbutt the gnoll shaman, but do no damage.
The gnoll hits you from afar with a +0 halberd!
* * * LOW HITPOINT WARNING * * *
The gnoll shaman closely misses you. The gnoll closely misses you.
Cleave: a) +0 hand axe
Press: ? - help, Dir - move target, f - gnoll shaman
Aim: a gnoll shaman, wielding a +0 whip and wearing a +0 leather armour (lightly wounded, about 32% to evade your +0 hand axe)
Okay, then.
You hit the gnoll shaman. You headbutt the gnoll shaman.
The gnoll shaman is heavily wounded.
The gnoll hits you but does no damage. The gnoll shaman closely misses you.
The gnoll hits you from afar with a +0 halberd!
You die...

......# #.# .....##
#.######### .....#
#.#.......# .....#
#.#.#####.#
<....#####.#.### #.#
......##.......# #.#
##....##.#.#.#.###.#
#....##.#.#.#.#.))#
####### #.#.#.#@###
#.#.#.#g# #.#.#.#g#
#.#.#.#.#
########.#.#.#.#.#
.)......... ..#.#
##)......# #.#
#.####..# #.# #.# #


You could see a gnoll shaman and a gnoll (fast).

Vanquished Creatures
  An ice beast (D:5)
  A black bear (D:5)
  2 ogres
  A phantom (D:5)
  2 orc priests (D:4)
  An iguana (D:3)
  4 orc wizards
  11 gnolls
  4 adders
  An ufetubus (D:3)
  A worm (D:5)
  24 orcs
  4 endoplasms
  3 giant cockroaches
  7 goblins
  4 hobgoblins
  3 jackals (D:1)
  A quokka (D:4)
  9 ball pythons
  A bat (D:3)
  3 frilled lizards
  5 kobolds
  5 rats
98 creatures vanquished.

Notes
Turn   | Place    | Note
-------+----------+-------------------------------------------
     0 | D:1      | thiscave3701365 the Minotaur Berserker began the quest for
                  | the Orb.
     0 | D:1      | Reached XP level 1. HP: 19/19 MP: 0/0
   433 | D:1      | Found a faded altar of an unknown god.
   506 | D:1      | Reached XP level 2. HP: 27/27 MP: 1/1
   507 | D:1      | Reached skill level 4 in Axes
  1142 | D:2      | Reached XP level 3. HP: 33/33 MP: 2/2
  1235 | D:2      | Reached ** piety under Trog
  1237 | D:2      | Reached XP level 4. HP: 41/41 MP: 3/3
  1473 | D:2      | You fall into a shaft and drop 1 floor!
  1561 | D:3      | Reached skill level 5 in Axes
  1706 | D:3      | Reached skill level 5 in Fighting
  1706 | D:3      | Reached XP level 5. HP: 37/48 MP: 4/4
  2042 | D:3      | Found a burning altar of Makhleb.
  2042 | D:3      | Found a hide-covered altar of Uskayaw.
  2696 | D:4      | HP: 1/48 [orc/+0 flail (8)]
  3601 | D:4      | Found an iron altar of Okawaru.
  3696 | D:4      | Found a snail-covered altar of Cheibriados.
  3754 | D:4      | Reached XP level 6. HP: 49/56 MP: 5/5
  4462 | D:4      | Reached skill level 6 in Axes
  4589 | D:4      | Found an opulent altar of Gozag.
  4589 | D:4      | Found a sparkling altar of Nemelex Xobeh.
  4646 | D:4      | Found a staircase to the Ecumenical Temple.
  4790 | D:5      | Entered Level 5 of the Dungeon
  4870 | D:5      | Noticed an ice beast
  4883 | D:5      | Reached skill level 7 in Axes
  4883 | D:5      | Reached XP level 7. HP: 10/61 MP: 6/6
  4886 | D:5      | Reached skill level 5 in Armour
  5422 | D:5      | Reached skill level 8 in Axes
  5588 | D:5      | Slain by a gnoll

Illustrated notes

Levels and vault maps discovered:
D:1:      wander_arrival_lonely_grave, layout_basic,
          ebering_ecumenical_altar_rust
D:2:      layout_basic, minmay_misc_feat_tower, grunt_decor_mini_mirrors
D:3:      layout_basic, mainiacjoe_overflow_divided_tiny
D:4:      layout_loops_ring, grunt_temple_overflow_opulence,
          general_overflow_altar, mainiacjoe_overflow_24_doors, temple_doors_ab
D:5:      layout_basic, mainiacjoe_overflow_paths

Skill      XL: |  1  2  3  4  5  6  7 |
---------------+----------------------+-----
Axes           | 4 5 7 8 |  8.2
Fighting       | 4 5 |  5.8
Armour         | 3 4 5 |  5.5
Dodging        | 3 |  3.3
Stealth        | |  0.8

Action                   |  1- 3 |  4- 6 |  7- 9 || total
-------------------------+-------+-------+-------++-------
Melee: Hand axe          |    47 |   115 |    48 ||   210
       Headbutt          |    11 |    18 |     9 ||    38
       Punch             |       |     1 |     1 ||     2
Invok: Berserk           |     1 |     8 |     2 ||    11
Armor: Animal skin       |     5 |       |       ||     5
       Scale mail        |     8 |    54 |    17 ||    79
Dodge: Dodged            |    32 |    68 |    34 ||   134

Table legend: (Time is in decaauts)
 A = Elapsed time spent in this place.
 B = Non-inter-level travel time spent in this place.
 C = Inter-level travel time spent in this place.
 D = Time resting spent in this place.
 E = Time spent auto-exploring this place.
 F = Levels seen in this place.
 G = Mean time per level.
                   A        B        C        D        E       F      G
               +--------+--------+--------+--------+--------+-----+--------+
         Total |   5680 |   5519 |    161 |   2043 |   2971 |   5 | 1136.0 |
       Dungeon |   5680 |   5519 |    161 |   2043 |   2971 |   5 | 1136.0 |
               +--------+--------+--------+--------+--------+-----+--------+

Top non-repeatable levels by time:
     D:3: 1834 daAuts
     D:4: 1550 daAuts
     D:1: 969 daAuts
     D:5: 804 daAuts
     D:2: 521 daAuts
